[Event "Moscow Aeroflot op-A"]
[Site "Moscow"]
[Date "2020.02.19"]
[Round "1"]
[White "Stupak, Kirill"]
[Black "Sunilduth Lyna, Narayanan"]
[Result "1/2-1/2"]
[ECO "D73"]
[WhiteElo "2518"]
[BlackElo "2637"]
[Annotator "Sunilduth Lyna,Narayanan "]
[PlyCount "43"]
[EventDate "2020.02.19"]
[EventType "swiss"]
[EventRounds "9"]
[EventCountry "RUS"]
[SourceTitle "CBM 195 Extra"]
[Source "ChessBase"]
[SourceDate "2020.05.31"]
[SourceVersion "1"]
[SourceVersionDate "2020.05.31"]
[SourceQuality "1"]
[TimeControl "40/6000+30:20/3000+30:900+30"]

{This game
was played in the very first round of the traditional Aeroflot Open Chess
Tournament. I was facing the strong grandmaster Kirill Stupak from Belurus.
Let's go!} 1. d4 Nf6 2. Nf3 g6 3. g3 Bg7 4. Bg2 d5 5. O-O c6 6. c4 dxc4 $5 {[%emt 0:00:47] A practical attempt to disturb
the equilibrium. In this position Black usually goes 6...0-0 and is rock solid
as the statistics prove.} 7. a4 Ne4 {[%emt 0:00:12] The point
of my 6th move. Otherwise it makes no sense to just give the centre like that.
But in this case I try to hang on to the pawn on c4.} 8. Qc2 (
8. Na3 $5 {is the other critical move.}) 8... Nd6 9. Ne5 $6 {
[%emt 0:03:14] This is an illogical continuation - moving the same piece
again!? It would have been better to attack the pawn with the other knight
which now looks a bit idle.} (9. Na3 Bf5 10. Qc3 O-O 11. Nxc4 a5 {and the
position should be around equal but still there is a long game ahead.}) 9...
O-O 10. Rd1 a5 $6 {[%emt 0:05:21] At first
it doesn't seem obvious that this move is an innacuracy, but the point is that
if Black had started with ....Na6, then White would not get time to safeguard
the queen on a stable position!} ({Already it was time to act against the
misplaced white pieces:} 10... Na6 $1 11. Na3 (11. e3 Be6 12.
Na3 Nb4 13. Qe2 Qa5 {Black again saves the tempo of a5!?}) 11... Nb4 12. Qc3 a5
13. Naxc4 Nxc4 14. Nxc4 Bg4 $1 15. Rd2 Qc7 $15 {and White has a lot of
problems to solve especially with the issue of the queen's position.}) 11. Na3 Na6 12. Bd2 (12. e3 $1 Nb4
13. Qe2 {and compared to the line with 10...Na6, here the black knight landed
a tempo late on b4!}) 12... Be6 13. e3 (13.
Be1 {Stupak} Nb4 14. Bxb4 axb4 15. Naxc4 Qc7) 13... c5 $1 {[%emt 0:05:46]
Already now I had to play this move, else I would have landed in a
positionally unsound position.} 14. Nexc4 Nxc4 $5 {[%emt 0:12:
06] Well, an interesting practical decision. My point was that here I thought
I had more chances of my opponent making a mistake, but the truth is not
always pleasant.} ({Objectively,} 14... Nb4 $1 15. Bxb4 $8 axb4 $142 $1 {
would have been much simpler and stronger.} (15... cxb4 {This was my main
focus of analysis:} 16. Nxd6 exd6 17. Nb5 Rc8 18. Qd2 (18. Qe4 d5 (18... Bb3
19. Rdc1 d5 20. Qd3 Bc4 21. Qd1 Qd7 22. b3 Bxb5 23. axb5 $14) 19. Qd3 Qd7)
18... d5 {and the position should be equal.}) 16. Nxd6 exd6 17. Nb5 Qe7 $15 {
and Black should be better thanks to his two bishops.}) 15. Nxc4 cxd4 16. Bxa5 Qc8 17.
Rac1 dxe3 18. fxe3 Qc5 $1 {
[%emt 0:09:37] Activating the queen and creating some counterplay! There were
some variations which I had to see before playing this move.} 19. Bb6 (19. Bxb7 {My main concern while calculating. I had to make sure this
move doesn't go well for him.} Bxc4 20. Bxa8 Qxa5 21. Qxc4 Rxa8 22. Qb5 Qb4 {
Till here all Black's moves were almost forced, and now I was relieved to find
the strong 23...Qg4! after the coming move:} 23. Rc6 {[#]} Qg4 $1 {The only
move.} (23... Qe4 24. Rxa6 Qxe3+ 25. Kg2 Qe4+ 26. Kh3 {and the king is safe
from checks on h3.}) 24. Rd3 (24. Re1 Qb4 25. Rd1 $11) 24... Qb4 25. Rxa6 Qe1+
26. Kg2 Qe2+ 27. Kg1 (27. Kh3 $4 Qf1+ 28. Kh4 (28. Kg4 h5+ 29. Kh4 Qf3 30.
Rxa8+ Kh7 $1 $19) 28... Bf6+ 29. Rxf6 Qxf6+ 30. Kh3 Qf1+ $19) 27... Qe1+ $11) (
19. Qd2 Bxc4 20. b4 Qa7 $1 {was one of the variations I saw.}) 19... Qb4 20. Ba5 Qc5 21. Bb6 Qb4 22. Ba5 {[%emt 0:02:18] This was a short game,
but still it had its share of thrills especially in the variations which
didn't really occur on the board.} 1/2-1/2